 Dungeon Sprint DCSS version 0.31-a0-656-gb4d89c20fa (webtiles) character file.

Game seed: 7329288624269524630

22 rocky1 the Insei (level 3, -1/27 HPs)
             Began as a Djinni Shapeshifter on Aug 31, 2023.
             Slain by a wolf (2 damage)
             ... in the Dungeon (Sprint III: "The Ten Rune Challenge").
             The game lasted 00:00:34 (75 turns).

rocky1 the Insei (Djinni Shapeshifter)                Turns: 75, Time: 00:00:35

Health: -1/27      AC:  2    Str: 13    XL:     3   Next: 7%
Gold:   2          EV: 12    Int: 11    God:
                   SH:  0    Dex: 14

rFire   + +          .
                       - Unarmed
rCold   x . .        (no shield)
rNeg    . . .        a - +0 animal skin
rPois   ∞            (helmet currently unavailable)
rElec   .            (cloak currently unavailable)
rCorr   .            (gloves currently unavailable)
SInv    .            (boots unavailable)
Will    .....        (no amulet)
Stlth   +            (no ring)
HPRegen 0.24/turn    (no ring)
MPRegen 0.00/turn

%: no teleportation, infuse magic (-2 HP)
@: beast-form, flying, hasted, very quick
A: beast (slay +2), flying, sickness immunity, fire resistance 2, cold
vulnerability 1, float, innate caster, HP casting, extra vitality 1
a: Begin Untransformation


You were in the Dungeon.
You were a hulking beast.
You visited 1 branch You collected 2 gold pieces.

Inventory:

Armour
 a - a +0 animal skin (worn)
Talismans
 c - a beast talisman (active)
 d - a flux talisman
Scrolls
 i - a scroll of blinking
Potions
 b - a potion of lignification
 e - a potion of curing
 f - a potion of heal wounds
 h - a potion of berserk rage


   Skills:
 + Level 1.1 Fighting
 + Level 2.7 Dodging
 + Level 0.2 Stealth
 + Level 4.6 Unarmed Combat
 + Level 4.1 Shapeshifting


You knew the following spells:

 Your Spells              Type           Power      Damage    Failure   Level
a - Sandblast             Erth           0%         2d4       34%         1
Your spell library was empty.

Dungeon Overview and Level Annotations

Branches:
Dungeon (1/1)

Altars:


Innate Abilities, Weirdness & Mutations

You are a hulking beast.
Your limbs bulge with bestial killing power. (Slay +2)
You are flying.
You are immune to sickness and miasma.
You are immune to poison.
Your flesh is very heat resistant. (rF++)
You are vulnerable to cold. (rC-)
You float through the air rather than walking.
You learn spells naturally, not from books.
Your magical power is your life essence.
You have superior vitality. (+4 MHP)


Message History

The human hits you.
You hit the human.
The human is severely wounded.
You punch the human!
The human is almost dead.
The human completely misses you.
You punch the human!
You kill the human!
Your Unarmed Combat skill increases to level 4!
Your Shapeshifting skill increases to level 4!
You have reached level 2!
You have reached level 3!
Your experience leads to an increase in your attributes!
Increase (S)trength, (I)ntelligence, or (D)exterity?
You feel agile. x2
The power to cast Sandblast wells up from within.
Spell assigned to 'a'.
Unknown command.
A wolf comes into view.
The helpless wolf fails to defend itself.
You hit the wolf.
The wolf is lightly wounded.
The wolf misses you.
You hit the wolf. Your punch misses the wolf.
The wolf is heavily wounded.
The wolf bites you. x2
You are too injured to fight recklessly!
You are too injured to fight recklessly!
You are too injured to fight recklessly!
You are too injured to fight recklessly!
You closely miss the wolf.
The wolf is heavily wounded.
The wolf bites you!
* * * LOW HITPOINT WARNING * * *
You hit the wolf.
The wolf is almost dead.
You closely miss the wolf.
The wolf is almost dead.
The wolf bites you.
You die...

▓...#......##
▓..##....†..# ..#
▓##.##.##...# ..#
##.##.###..# #..#
▓#.####.##..# ...+
▓.###..##.†####...#
▓#.....##..###....#
###..##...##.....#
##..##....#..h...#
#..###..##.#..h..#
#..# #.. ####....#
▓▓▓▓ ▓▓▓ ▓▓▓▓▓▓


You could see a wolf.

Vanquished Creatures
  A human (D)
  2 endoplasms (D)
  2 rats (D)
5 creatures vanquished.

Notes
Turn   | Place    | Note
-------+----------+-------------------------------------------
     0 | D        | rocky1 the Djinni Shapeshifter began the quest for the Orb.
     0 | D        | Reached XP level 1. HP: 17/17 MP: 0/0
    67 | D        | Reached XP level 2. HP: 13/22 MP: 0/0
    67 | D        | Reached XP level 3. HP: 16/27 MP: 0/0
    67 | D        | Learned a level 1 spell: Sandblast
    73 | D        | HP: 1/27 [wolf (11)]
    75 | D        | Slain by a wolf

Illustrated notes

Levels and vault maps discovered:
D:        dungeon_sprint_mu [sprint_mu_entry_cave, sprint_mu_temple_rooms,
          sprint_mu_d1_spiders, sprint_mu_d2_genie, sprint_mu_d3_branching,
          sprint_mu_orc_legion, sprint_mu_elf_gauntlet, sprint_mu_hive_nellie,
          sprint_mu_lair_fedhas, sprint_mu_vaults_butterflies,
          sprint_mu_slime_circle, sprint_mu_swamp_cave, sprint_mu_shoals_kraken,
          sprint_mu_blade_basic, sprint_mu_crypt_chambers,
          sprint_mu_tomb_spiral, sprint_mu_vestibule_basic,
          sprint_mu_gehenna_hellfire, sprint_mu_dis_giant,
          sprint_mu_tartarus_statrot, sprint_mu_cocytus_islands, sprint_mu_zot1]

Skill      XL: |  1 |
---------------+----+-----
Shapeshifting  | 4 |  4.1
Unarmed Combat | 4 |  4.6
Fighting       | |  1.1
Dodging        | |  2.7
Stealth        | |  0.2

Action                     || total
---------------------------++-------
  Melee: Unarmed           ||    28
    Use: Potion            ||     1
   Stab: Sleeping          ||     2
  Dodge: Dodged            ||    11

Table legend: (Time is in decaauts)
 A = Elapsed time spent in this place.
 B = Non-inter-level travel time spent in this place.
 C = Inter-level travel time spent in this place.
 D = Time resting spent in this place.
 E = Time spent auto-exploring this place.
 F = Levels seen in this place.
 G = Mean time per level.
                   A        B        C        D        E       F      G
               +--------+--------+--------+--------+--------+-----+--------+
         Total |     66 |     66 |      0 |      0 |     28 |   1 |   66.0 |
       Dungeon |     66 |     66 |      0 |      0 |     28 |   1 |   66.0 |
               +--------+--------+--------+--------+--------+-----+--------+

Top non-repeatable levels by time:
       D: 66 daAuts
